 Dungeon Crawl Stone Soup version 0.22-a0-571-g4a923d4 (webtiles) character file.

2807 kae the Cleaver (level 9, -2/82 HPs)
             Began as a Hill Orc Fighter on July 1, 2018.
             Was a Believer of Makhleb.
             Slain by a wight
             ... wielding a cursed +0 dire flail
              (3 damage)
             ... on level 7 of the Dungeon.
             The game lasted 00:05:58 (6936 turns).

kae the Cleaver (Hill Orc Fighter)                  Turns: 6936, Time: 00:05:59

Health: -2/82      AC: 10    Str: 20    XL:     9   Next: 72%
Magic:  12/12      EV:  5    Int: 10    God:    Makhleb [**....]
Gold:   272        SH:  0    Dex: 10    Spells: 8/8 levels left

rFire    . . .     SeeInvis .   s - +0 battleaxe
rCold    . . .     Gourm    .   (shield currently unavailable)
rNeg     . . .     Faith    .   t - +0 plate armour
rPois    .         Spirit   .   (no helmet)
rElec    .         Reflect  .   (no cloak)
rCorr    .         Harm     .   (no gloves)
MR       .....                  (no boots)
Stlth    ..........             (no amulet)
HPRegen  0.23/turn              (no ring)
MPRegen  0.13/turn              (no ring)

@: heavily drained
A: clever 1, low mp 1, weak 1
a: Minor Destruction, Renounce Religion


You were on level 7 of the Dungeon.
You worshipped Makhleb.
Makhleb was pleased with you.
You were hungry.

You visited 1 branch of the dungeon, and saw 7 of its levels.

You collected 272 gold pieces.

Inventory:

Hand Weapons
 a - a +1 war axe
 s - a +0 battleaxe (weapon)
Armour
 b - a +1 scale mail
 c - a +0 shield
 t - a +0 plate armour (worn)
Jewellery
 g - an uncursed amulet of harm
Wands
 i - a wand of disintegration (3)
 k - a wand of flame (66)
 m - a wand of digging (24)
Scrolls
 d - 3 scrolls of enchant armour
 j - 2 scrolls of remove curse
 n - 2 scrolls of fog
 o - 2 scrolls of identify
 q - 2 scrolls of teleportation
 r - a scroll of random uselessness {unknown}
Potions
 e - 4 potions of flight
 h - a potion of resistance
 l - 2 potions of brilliance
 p - 3 potions of lignification
Comestibles
 f - 17 rations


   Skills:
 + Level 8.9(6.7) Fighting
 * Level 12.5(10.1) Axes
 - Level 3.2(1.4) Armour
 - Level 3.2(1.4) Shields
 + Level 7.1(5.0) Invocations


You had 8 spell levels left.
You didn't know any spells.
Your spell library contained the following spells:

 Spells                   Type           Power        Failure   Level  Hunger
 Animate Dead             Necr           N/A          100%        4    #####..
 Pain                     Necr           #...         100%        1    ##.....
 Animate Skeleton         Necr           N/A          100%        1    ##.....
 Vampiric Draining        Necr           #.........   100%        3    ####...
 Regeneration             Chrm/Necr      #.........   100%        3    ####...


Dungeon Overview and Level Annotations

Branches:
Dungeon (7/15)             Temple (0/1) D:6

Altars:
Makhleb
Okawaru
Qazlal
Trog
The Shining One


Innate Abilities, Weirdness & Mutations

Your mind is acute. (Int +2)
Your magical capacity is low. (-10% MP)
You are weak. (Str -2)


Message History

The wight hits you with a dire flail!
* * * LOW HITPOINT WARNING * * *
You barely miss the wight.
The wight is heavily damaged.
Your plate armour prevents you from hitting the wight.
The wight hits you with a dire flail.
* * * LOW HITPOINT WARNING * * *
The wight hits you with a halberd of flaming!
* * * LOW HITPOINT WARNING * * *
You feel drained.
* * * LOW HITPOINT WARNING * * *
The wight burns you.
* * * LOW HITPOINT WARNING * * *
The wight hits you but does no damage.
You barely miss the wight.
The wight is heavily damaged.
You closely miss the wight. The wight hits you but does no damage.
An orc warrior comes into view. It is wielding a trident.
The wight hits you with a dire flail.
You die...

............%.#
.###...........<# .
...............# ..
#.###.#.......##
...##.......†......###
........#.#...........
..................#..#
.......................
........z@###########.#
#.......)z#
............[...#
.................
...###.#<.#####.# ..
#..... # ##.....
o...... .......


You could see an orc warrior (wandering) and 2 wights.

Vanquished Creatures
  Pikel (D:5)
  Grinder (D:6)
  Prince Ribbit (D:5)
  Sigmund (D:5)
  A water moccasin (D:7)
  Duvessa (D:5)
  An orc warrior (D:6)
  A phantom (D:7)
  2 sky beasts
  2 ogres
  A slave (D:5)
  2 centaurs
  3 bullfrogs
  Dowan (D:5)
  A wyvern skeleton (D:6)
  2 wights (D:7)
  2 crimson imps
  2 hounds
  A bullfrog zombie (D:5)
  2 orc priests
  A jelly (D:5)
  An orc wizard (D:4)
  An iguana (D:4)
  4 worker ants
  A worker ant zombie (D:7)
  7 adders
  4 gnolls (D:3)
  2 shadow imps
  2 adder skeletons
  7 worms
  2 dart slugs (D:1)
  2 leopard geckos
  6 orcs
  5 giant cockroaches
  11 goblins
  5 hobgoblins
  6 jackals
  5 kobolds
  2 quokkas
  A ball python (D:3)
  A ball python skeleton (D:4)
  14 bats
  4 frilled lizards
  A jackal skeleton (D:4)
  11 rats
135 creatures vanquished.

Vanquished Creatures (others)
  2 slaves (D:5)
  An ooze (D:5)
  A worm (D:5)
4 creatures vanquished.

Grand Total: 139 creatures vanquished

Notes
Turn   | Place    | Note
-------+----------+-------------------------------------------
     0 | D:1      | kae the Hill Orc Fighter began the quest for the Orb.
     0 | D:1      | Reached XP level 1. HP: 19/19 MP: 1/1
   172 | D:1      | Reached skill level 3 in Axes
   243 | D:1      | Reached XP level 2. HP: 23/27 MP: 2/2
   418 | D:1      | Reached skill level 4 in Axes
   425 | D:1      | Reached XP level 3. HP: 33/33 MP: 3/3
   799 | D:2      | Gained mutation: You are weak. (Str -2) [potion of mutation]
   799 | D:2      | Gained mutation: Your magical capacity is low. (-10% MP) [potion of mutation]
   799 | D:2      | Gained mutation: Your mind is acute. (Int +2) [potion of mutation]
   807 | D:2      | Reached XP level 4. HP: 14/41 MP: 3/3
  1053 | D:2      | Found a stormy altar of Qazlal.
  1074 | D:2      | Reached skill level 5 in Axes
  1530 | D:2      | Found a burning altar of Makhleb.
  1717 | D:2      | Became a worshipper of Makhleb the Destroyer
  2267 | D:3      | Found an iron altar of Okawaru.
  2281 | D:3      | Reached XP level 5. HP: 47/47 MP: 3/5
  2497 | D:3      | Reached skill level 1 in Invocations
  2804 | D:3      | Reached skill level 5 in Fighting
  2804 | D:3      | Reached skill level 6 in Axes
  3425 | D:4      | Reached XP level 6. HP: 26/56 MP: 6/6
  3705 | D:4      | Reached skill level 7 in Axes
  4063 | D:4      | Noticed a moth of wrath
  4066 | D:4      | Found a bloodstained altar of Trog.
  4257 | D:5      | Entered Level 5 of the Dungeon
  4274 | D:5      | Reached XP level 7. HP: 59/62 MP: 8/8
  4325 | D:5      | Reached * piety under Makhleb
  4336 | D:5      | Noticed Pikel
  4351 | D:5      | Killed Pikel
  4351 | D:5      | Reached skill level 8 in Axes
  4351 | D:5      | Reached XP level 8. HP: 54/71 MP: 8/10
  4388 | D:5      | Reached skill level 9 in Axes
  4599 | D:5      | Reached skill level 5 in Invocations
  4868 | D:5      | Found a glowing golden altar of the Shining One.
  4914 | D:5      | Noticed Duvessa
  4928 | D:5      | Killed Duvessa
  4928 | D:5      | Noticed Dowan
  4932 | D:5      | Killed Dowan
  5196 | D:5      | Noticed Prince Ribbit
  5200 | D:5      | Noticed Sigmund
  5220 | D:5      | Killed Sigmund
  5220 | D:5      | Reached skill level 10 in Axes
  5244 | D:5      | Killed Prince Ribbit
  5743 | D:6      | Reached XP level 9. HP: 75/80 MP: 12/12
  5818 | D:6      | Found a staircase to the Ecumenical Temple.
  5831 | D:6      | Reached skill level 11 in Axes
  6102 | D:6      | Noticed Grinder
  6112 | D:6      | Paralysed by Grinder for 6 turns
  6127 | D:6      | Killed Grinder
  6679 | D:7      | Reached skill level 12 in Axes
  6904 | D:7      | Reached ** piety under Makhleb
  6935 | D:7      | HP: 4/82 [wight/halberd of flaming (8)]
  6935 | D:7      | HP: 1/82 [wight/halberd of flaming (2)]
  6936 | D:7      | Slain by a wight

Vault maps used:
D:1:      nzn_arrival_settlement
D:2:      marbit_many_paths, grunt_qazlal_clouds, nrook_mini_backslash
D:3:      okawaru_trees_1
D:4:      cheibrodos_quashed, tgw_trog
D:5:      kennysheep_mini, first_ration, uniq_sigmund, uniq_prince_ribbit1,
          uniq_duvessa, uniq_pikel
D:6:      nicolae_overflow_hidden_temple, minmay_temple_entry_butterflies,
          uniq_grinder

Skill      XL: |  1  2  3  4  5  6  7  8  9 |
---------------+----------------------------+-----
Axes           | 3 4 5 6 7 8 10 12 | 12.5
Fighting       | 4 5 6 7 8 |  8.9
Invocations    | 2 3 4 6 7 |  7.1
Armour         | |  3.2
Shields        | |  3.2

Action                   |  1- 3 |  4- 6 |  7- 9 || total
-------------------------+-------+-------+-------++-------
Melee: War axe           |    90 |   227 |   136 ||   453
       Battleaxe         |       |       |    52 ||    52
  Use: Potion            |     4 |     4 |     3 ||    11
       Scroll            |     1 |     8 |     2 ||    11
  Eat: Chunk             |       |    11 |     8 ||    19
Armor: Scale mail        |    74 |   113 |    27 ||   214
       Skin              |       |    12 |    39 ||    51
       Plate armour      |       |       |    48 ||    48
Dodge: Dodged            |    57 |    71 |    43 ||   171
Block: Shield            |    68 |   120 |    49 ||   237

Table legend:
 A = Spawn XP
 B = Non-spawn XP
 C = Spawn XP percentage of total XP
 D = Spawn monster count
 E = Non-spawn monster count
 F = Spawn count percentage of total count
 G = Total turns spent on level
                    A         B        C        D         E        F      G
               +---------+---------+-------+---------+---------+-------+---------
         Total |       0 |    4010 |   0.0 |       0 |     134 |   0.0 |  6936
               +---------+---------+-------+---------+---------+-------+---------
           D:1 |       0 |      55 |   0.0 |       0 |      33 |   0.0 |   786
           D:2 |       0 |      82 |   0.0 |       0 |      22 |   0.0 |  1110
           D:3 |       0 |     116 |   0.0 |       0 |      21 |   0.0 |  1268
           D:4 |       0 |     294 |   0.0 |       0 |      17 |   0.0 |  1093
           D:5 |       0 |    1792 |   0.0 |       0 |      16 |   0.0 |  1460
           D:6 |       0 |     926 |   0.0 |       0 |      12 |   0.0 |  1121
           D:7 |       0 |     745 |   0.0 |       0 |      13 |   0.0 |    98
               +---------+---------+-------+---------+---------+-------+---------
